Map: Shrines of Lizul

Players

wanted

  • Race: Terran Terran

Tenonee

  • Race: Zerg Zerg
  • League: Platinum

DrinkBEER - Winner!

  • Race: Terran Terran

DrinkVODKA - Winner!

  • Race: Terran Terran

VOD

Have the link to the VOD?

Description

Time

  • Played on: July 26, 2016, 4:44 a.m.
  • Length: 12:44
Show
View Real Time Build Order
Export as new Build Order

wanted Terran 

Build Orders:  

Get SALT Encoding   

  12  0:37  SCV  
  12  0:41  Supply Depot  
  13  0:47  Refinery  
  13  0:49  SCV  
  14  1:04  Barracks  
  14  1:09  Barracks  
  14  1:21  Barracks  
  14  1:24  SCV  
  15  1:36  SCV  
  16  1:51  Barracks Tech Lab  
  16  1:55  Orbital Command  
  16  1:57  Marine  
  17  2:11  Marauder  
  16  2:23  Barracks Tech Lab  
  16  2:24  Barracks Tech Lab  
  14  2:35  Concussive Shells  
  14  2:42  Marauder  
  14  2:43  Marauder  
  14  3:35  Marauder  
  14  3:37  SCV  
  17  3:50  SCV  
  18  4:02  SCV  
  19  4:14  SCV  
  20  4:17  Reaper x2  
  22  4:26  SCV  
  22  4:30  Engineering Bay  
  23  4:37  Marine  
  23  4:38  SCV  
  25  4:49  Marine x2  
  25  4:55  Marine  
  26  5:07  Marine x2  
  25  5:13  Marauder  
  28  5:20  Orbital Command  
  28  5:49  SCV  
  29  5:51  Missile Turret  
  29  6:01  SCV  
  30  6:17  Command Center  
  30  6:21  SCV  
  31  6:32  Supply Depot  
  31  6:52  SCV  
    7:59  Orbital Command  
    8:09  Barracks Tech Lab x2  
    8:33  SCV  
  1  8:46  SCV  
  2  8:58  SCV  
  2  9:02  Refinery  
  3  9:10  SCV  
  4  9:22  SCV  
  5  9:31  Refinery  
  5  9:34  SCV  
  6  9:46  SCV  
  7  9:54  Command Center  
  7  9:58  SCV  
  8  10:05  Factory  
  8  10:10  SCV  
  9  10:22  SCV  
  10  10:34  SCV  
  12  10:51  Factory  
  8  11:07  Orbital Command  
  8  11:39  Siege Tank  
  11  11:44  Orbital Command  
  11  12:11  SCV  
Show
View Real Time Build Order
Export as new Build Order

Tenonee Zerg 

Build Orders: Hatch First 

Get SALT Encoding   

  12  0:01  Drone  
  13  0:16  Overlord  
  13  0:18  Drone  
  14  0:34  Drone x2  
  16  0:40  Drone  
  17  0:51  Drone  
  18  1:01  Hatchery  
  18  1:02  Drone  
  18  1:07  Extractor  
  17  1:19  Spawning Pool  
  17  1:22  Drone  
  17  1:25  Drone  
  18  1:34  Drone  
  19  1:42  Overlord  
  19  1:54  Drone  
  20  2:08  Metabolic Boost  
  20  2:09  Queen  
  20  2:12  Queen  
  24  2:27  Zergling x8  
  24  2:28  Zergling x2  
  29  2:38  Drone  
  29  2:43  Drone  
  31  2:48  Queen  
  33  2:52  Drone x2  
  33  2:56  Overlord  
  35  3:20  Drone  
  35  3:21  Drone x7  
  35  3:22  Drone  
  35  3:23  Overlord  
  44  3:41  Queen  
  46  3:57  Zergling x2  
  46  3:58  Zergling x10  
  46  4:00  Overlord  
  46  4:01  Overlord x2  
  50  4:07  Queen  
  48  4:16  Extractor  
  47  4:36  Drone x2  
  47  4:37  Drone x8  
  55  4:50  Hatchery  
  54  4:57  Lair  
  54  5:00  Extractor  
  54  5:02  Extractor  
  52  5:11  Drone x3  
  52  5:12  Drone x2  
  52  5:13  Drone  
  58  5:16  Overlord x2  
  58  5:17  Drone x2  
  60  5:38  Drone x6  
  66  5:42  Evolution Chamber  
  66  5:43  Evolution Chamber  
  66  5:47  Roach Warren  
  63  6:00  Overlord x3  
  63  6:08  Drone x9  
  72  6:11  Extractor  
  72  6:13  Extractor, Drone x2  
  72  6:15  Zerg Ground Armor Level 1  
  72  6:16  Zerg Missile Weapons Level 1  
  72  6:25  Queen  
  74  6:31  Drone  
  75  6:34  Zergling x10  
  75  6:38  Glial Reconstitution  
  79  6:57  Roach x8  
  79  6:58  Roach x2  
  99  7:13  Roach x2  
  99  7:14  Roach x9  
  121  7:16  Overlord x2  
  113  7:37  Roach  
  113  7:38  Roach x5  
  113  7:42  Spire  
  124  7:44  Infestation Pit  
  121  7:51  Roach  
  121  7:52  Roach x7  
  121  7:56  Overlord x2  
  137  8:01  Hatchery  
  137  8:05  Ravager x2  
  138  8:14  Queen  
  128  8:30  Roach  
  128  8:31  Roach x9  
  138  8:44  Zerg Missile Weapons Level 2, Zerg Ground Armor Level 2, Hive  
  138  8:47  Ravager  
  138  8:48  Ravager x4, Hydralisk Den  
  117  9:17  Extractor x2  
  117  9:19  Tunneling Claws  
  117  9:21  Muscular Augments  
  117  9:23  Roach x13  
  141  9:33  Drone x3  
  141  9:34  Drone x3  
  141  9:35  Drone x3  
  141  9:36  Drone x2  
  152  9:49  Overlord x4  
  152  9:59  Overlord  
  152  10:00  Overlord x3  
  152  10:05  Overlord x3  
  152  10:10  Pneumatized Carapace  
  152  10:15  Overlord  
  152  10:16  Overlord x2  
  152  10:32  Queen  
  141  10:44  Mutalisk  
  141  10:45  Mutalisk x14  
  171  10:53  Overlord x2  
  147  11:52  Queen x4  
  128  11:55  Roach x11  
  128  11:56  Roach x4  
  144  12:08  Roach x2  
  141  12:09  Roach x4  
Show
View Real Time Build Order
Export as new Build Order

DrinkBEER Terran - Winner!

Build Orders: Liberator Opening, MMM Bio 

Get SALT Encoding   

  12  0:01  SCV  
  13  0:13  SCV  
  14  0:19  Supply Depot  
  14  0:25  SCV  
  15  0:37  Refinery  
  15  0:40  SCV  
  16  0:48  Barracks  
  16  0:53  SCV  
  17  1:05  SCV  
  18  1:21  SCV  
  18  1:25  Refinery  
  19  1:35  Reaper  
  19  1:36  Supply Depot, Orbital Command  
  20  1:53  Bunker  
  20  2:03  SCV  
  20  2:07  Reaper, Factory  
  22  2:15  SCV  
  23  2:29  SCV  
  24  2:41  SCV  
  24  2:53  Marine  
  24  2:54  SCV  
  24  2:57  Factory Tech Lab, Starport  
  26  3:02  Barracks  
  26  3:03  Supply Depot  
  26  3:06  SCV  
  27  3:14  Barracks Reactor  
  27  3:15  Barracks  
  27  3:16  Liberator  
  27  3:18  SCV  
  27  3:30  Siege Tank  
  33  3:37  SCV  
  34  3:52  Bunker, Marine  
  34  3:53  Marine  
  34  3:54  Marine  
  37  3:59  Supply Depot  
  37  4:03  Marine  
  37  4:10  Marine, SCV  
  39  4:20  Marine x2, Medivac  
  39  4:21  Marine  
  39  4:22  Supply Depot  
  44  4:27  Siege Tank  
  47  4:43  Marine x4  
  51  4:59  Command Center  
  51  5:02  Starport Reactor  
  51  5:04  Marine, Siege Tank  
  55  5:16  Barracks Tech Lab x2  
  55  5:24  Marine  
  55  5:25  Engineering Bay  
  55  5:27  Supply Depot  
  56  5:31  Marine  
  57  5:37  Combat Shields, Stimpack  
  57  5:38  Marine  
  57  5:42  Marine  
  56  5:54  Medivac  
  58  5:57  Missile Turret  
  58  5:59  SCV  
  59  6:18  Marine x4  
  60  6:22  Siege Tank  
  66  6:29  Medivac  
  68  6:36  Marine  
  68  6:37  SCV  
  70  6:52  SCV, Orbital Command  
  71  6:55  Terran Infantry Weapons Level 1  
  71  6:56  Marine x2  
  73  7:05  SCV  
  74  7:12  Siege Tank  
  74  7:26  Marine x3  
  74  7:27  Marine  
  74  7:28  SCV x2  
  76  7:32  Concussive Shells  
  76  7:44  Marine  
  73  7:53  Marine x2  
  73  7:55  Siege Tank  
  72  8:07  Medivac  
  72  8:08  Marine  
  72  8:09  Marine  
  72  8:10  SCV x2  
  78  8:16  Supply Depot  
  78  8:17  Supply Depot  
  56  8:36  Marine x4  
  60  8:41  Barracks x2  
  60  8:54  Marine  
  61  8:56  SCV x2  
  61  8:57  Command Center  
  61  8:58  Terran Infantry Armor Level 1, Refinery x2  
  61  9:02  Marauder x2  
  67  9:03  Marine  
  67  9:08  SCV x2  
  70  9:11  Marine  
  63  9:27  Marine, Marauder x2  
  63  9:29  Marine  
  67  9:41  Barracks Tech Lab, Barracks Reactor  
  67  9:44  Marine  
  68  9:47  Marine  
  68  9:48  Marauder x2  
  68  9:50  Armory  
  68  9:52  Supply Depot  
  73  9:53  Engineering Bay, Barracks  
  73  10:01  Marauder  
  73  10:02  Marine  
  73  10:05  Marine  
  77  10:10  Marauder x2  
  77  10:13  Siege Tank  
  84  10:20  Marine, Orbital Command  
  85  10:21  Marine  
  85  10:23  Marine  
  87  10:31  Marauder x2  
  91  10:36  Marine  
  91  10:38  Marine  
  91  10:40  Marauder  
  95  10:43  Marine  
  95  10:44  Marine  
  97  10:52  Marauder  
  97  10:53  Marine, Marauder  
  97  10:56  Marine  
  103  11:01  Marauder  
  101  11:16  Medivac x2  
  101  11:18  Marine x3, Marauder x2  
  109  11:23  Marauder  
  114  11:32  Marine  
  111  11:36  Marine x2  
  111  11:37  Marine  
  111  11:39  Marine x2  
  108  11:43  Marine  
  109  11:50  Marine  
  109  11:54  Marine x2  
  110  11:55  Marine  
  110  11:56  Marine  
  113  12:05  Marine  
  113  12:06  Marine  
  113  12:07  Medivac x2  
  113  12:08  Marine  
  106  12:11  Marine  
  106  12:15  Marine x3  
  108  12:29  Missile Turret  
Show
View Real Time Build Order
Export as new Build Order

DrinkVODKA Terran - Winner!

Build Orders: MMM Bio 

Get SALT Encoding   

  12  0:00  SCV  
  13  0:13  SCV  
  14  0:18  Supply Depot  
  14  0:25  SCV  
  15  0:39  SCV  
  15  0:40  Barracks  
  16  0:44  Refinery  
  16  0:54  Refinery  
  16  0:55  SCV  
  17  1:07  SCV  
  18  1:19  SCV  
  19  1:28  Reaper  
  19  1:31  Supply Depot  
  19  1:32  Orbital Command  
  20  1:49  Barracks  
  20  1:57  SCV  
  20  2:00  Reaper  
  22  2:09  SCV  
  23  2:30  SCV  
  24  2:39  Barracks Reactor  
  24  2:55  Barracks Reactor  
  24  2:56  Barracks Tech Lab  
  24  3:01  Factory  
  24  3:05  Command Center  
  23  3:19  Marine x3  
  24  3:22  SCV  
  24  3:26  Supply Depot  
  26  3:37  Marine x3  
  29  3:55  Marine x2  
  29  4:07  SCV  
  25  4:13  Marine  
  25  4:14  Supply Depot  
  26  4:24  Orbital Command  
  23  4:28  Barracks Tech Lab  
  22  4:33  Barracks Reactor  
  22  4:38  Bunker  
  22  4:41  SCV  
  23  4:47  Factory Reactor  
  23  4:48  Starport  
  23  4:51  Stimpack  
  23  4:59  Marine  
  24  5:02  SCV  
  24  5:06  SCV  
  26  5:14  SCV  
  26  5:17  Marine  
  26  5:18  SCV  
  29  5:22  Marine x2  
  29  5:27  SCV  
  32  5:30  SCV  
  33  5:39  SCV  
  33  5:41  Marine x3  
  33  5:42  SCV  
  38  5:43  Medivac x2  
  38  5:47  Factory Tech Lab  
  42  5:51  SCV  
  43  5:59  Marine x3  
  43  6:01  Orbital Command  
  43  6:04  SCV  
  47  6:16  Marine, SCV  
  47  6:17  Marine x2  
  51  6:27  Medivac  
  51  6:28  SCV  
  54  6:35  Engineering Bay  
  54  6:36  Engineering Bay  
  54  6:37  Medivac  
  53  6:40  SCV  
  54  6:51  Combat Shields  
  54  7:09  Marine  
  54  7:14  Marine x2  
  54  7:16  SCV  
  53  7:27  SCV  
  54  7:39  Command Center  
  54  7:44  Marine x3  
  54  7:45  Supply Depot, Medivac x2, SCV  
  54  7:47  Supply Depot  
  62  8:06  Marine x3, Siege Tank, SCV  
  62  8:10  Supply Depot  
  62  8:11  Terran Infantry Armor Level 1, Terran Infantry Weapons Level 1  
  62  8:12  Supply Depot  
  69  8:19  SCV  
  70  8:24  Marine x2  
  70  8:25  Medivac x2  
  74  8:41  Marine  
  68  8:42  Marine x2, Siege Tank  
  68  8:46  SCV x2  
  75  8:53  Missile Turret  
  75  8:58  Missile Turret, SCV  
  76  9:02  Missile Turret  
  76  9:09  Orbital Command  
  72  9:32  Barracks x2  
  72  9:33  Marine x3, Barracks  
  72  9:35  Barracks  
  75  9:41  SCV x3  
  78  9:47  Armory  
  78  9:55  Marine x2  
  78  9:56  Marine, Siege Tank  
  84  10:03  SCV x2  
  84  10:04  SCV  
  87  10:18  SCV x3  
  90  10:25  Barracks Tech Lab x2, Barracks Reactor x2  
  90  10:30  SCV  
  91  10:36  Terran Vehicle Weapons Level 1  
  91  10:41  Marine x3  
  94  10:42  Refinery  
  94  10:58  Marine  
  94  11:01  Marine x4, Marauder x2  
  94  11:02  Marine x2  
  104  11:16  Marine  
  105  11:19  Marine x2  
  105  11:23  Marine x4, Marauder x2  
  110  11:40  Marine x3  
  110  11:41  Marine x3  
  110  11:42  Marauder  
  110  11:44  Concussive Shells  
  110  11:45  Marauder x2  
  118  11:58  Marine  
  119  12:03  Marauder  
  121  12:22  Marine x2  
  102  12:24  Marine x5  
  102  12:25  Marine  
Tags
 
Add a new tag
Caveats
  • Supply blocks, unpowered buildings, or Contaminate may cause inaccurate times.
  • Supply counts are checked every 10 seconds.